 Dungeon Crawl Stone Soup version 0.29.1-13-g9f3cf754e1 (webtiles) character file.

Game seed: 15319626117422504225

1115 hawla the Chiller (level 8, -5/59 HPs)
             Began as a Meteoran Ice Elementalist on Jan 27, 2023.
             Slain by a wight
             ... wielding a +2 great sword
              (12 damage)
             ... on level 6 of the Dungeon.
             The game lasted 00:11:29 (1826 turns).

hawla the Chiller (Meteoran Ice Elementalist)       Turns: 1826, Time: 00:11:30

Health: -5/59      AC:  4    Str:  9    XL:     8   Next: 91%
Magic:  0/18       EV: 13    Int: 25    God:
Gold:   205        SH:  0    Dex: 15    Spells: 11/19 levels left

rFire   + . .      SeeInvis .   b - staff of fire
rCold   . . .      Faith    .   (no shield)
rNeg    . . .      Spirit   .   a - +0 robe
rPois   .          Reflect  .   k - +0 helmet
rElec   .          Harm     .   (no cloak)
rCorr   .          Rampage  .   n - +0 pair of gloves
Will    +....                   (no boots)
Stlth   +.........              (no amulet)
HPRegen 0.19/turn               c - +6 ring of intelligence
MPRegen 0.16/turn               (no ring)

@: freezing walls, glowing
A: sense surroundings 1, otherworldly, glowing, explore regen
a: no special abilities


You were on level 6 of the Dungeon.
You visited 1 branch of the dungeon, and saw 6 of its levels.

You collected 205 gold pieces.

Inventory:

Armour
 a - a +0 robe (worn)
 k - a +0 helmet (worn)
 n - a +0 pair of gloves (worn)
Magical Staves
 b - a staff of fire (weapon)
 m - a staff of earth
Jewellery
 c - a +6 ring of intelligence (left hand)
 o - a ring of protection from fire
Wands
 p - a wand of roots (7) (quivered)
Scrolls
 e - 3 scrolls of teleportation
 f - 2 scrolls of enchant weapon
 g - 2 scrolls of magic mapping
 q - 2 scrolls of identify
Potions
 h - 2 potions of brilliance
 i - a potion of haste


   Skills:
 + Level 1.1 Fighting
 + Level 3.4 Dodging
 - Level 1.4 Stealth
 + Level 6.3 Spellcasting
 + Level 5.6 Conjurations
 + Level 3.0 Fire Magic
 + Level 6.8 Ice Magic
 + Level 3.0 Evocations


You had 11 spell levels left.
You knew the following spells:

 Your Spells              Type           Power      Damage    Failure   Level
a - Freeze                Ice            100%       1d11      1%          1
b - Frozen Ramparts       Ice            84%        1d13      1%          3
c - Hailstorm             Conj/Ice       39%        3d9       5%          4

Your spell library contained the following spells:

 Spells                   Type           Power      Damage    Failure   Level
 Magic Dart               Conj           100%       1d8       1%          1
 Searing Ray              Conj           70%        2d7       1%          2
 Ozocubu's Armour         Ice            42%        N/A       1%          3
 Dazzling Flash           Conj/Hex       42%        N/A       7%          3
 Sublimation of Blood     Necr           7%         N/A       11%         2
 Summon Guardian Golem    Hex/Summ       7%         N/A       22%         3
 Fulminant Prism          Conj/Hex       10%        3d9       22%         4
 Iskenderun's Mystic Bla  Conj/Tloc      21%        2d6       22%         4
 Irradiate                Conj/Tmut      10%        3d15      54%         5
 Passage of Golubria      Tloc           7%         N/A       58%         4
 Petrify                  Tmut/Erth      7%         N/A       58%         4
 Starburst                Conj/Fire      22%        6d7       88%         6
 Silence                  Hex/Air        3%         N/A       90%         5
 Orb of Destruction       Conj           17%        9d7       99%         7
 Spellforged Servitor     Conj/Summ      10%        N/A       100%        7
 Lehudib's Crystal Spear  Conj/Erth      10%        10d4      100%        8


Dungeon Overview and Level Annotations

Branches:
Dungeon (6/15) Zot: 1768
 Temple: D:4-7

Altars:
Makhleb
The Shining One

Shops:
D:5 [


Innate Abilities, Weirdness & Mutations

You passively map a small area around you.
You are easily found by Zot.
You glow in the dark.
You regain HP and MP as you explore.


Message History

Confirm with . or Enter, or press ? or * to list all spells.
Casting: Hailstorm (dangerous; 6% risk of failure)
Press: ? - help, Dir - look around, f - activate A cannonade of hail descends around you!
The hail pelts the iguana!!
You kill the iguana!
The hail pelts the wight.
The wight partially resists.
You destroy the wight!
The frozen ramparts melt away as you move. 2 wights come into view.
A wight is wielding a +0 dire flail and wearing a +1 robe of positive energy.
There are monsters nearby!
Casting: Hailstorm (dangerous; 5% risk of failure)
Confirm with . or Enter, or press ? or * to list all spells.
Casting: Frozen Ramparts (safe; 1% risk of failure)
Press: ? - help, Dir - look around, f - activate The walls around you are covered in ice.
Casting: Frozen Ramparts (safe; 1% risk of failure)
Confirm with . or Enter, or press ? or * to list all spells.
Casting: Hailstorm (dangerous; 5% risk of failure)
Press: ? - help, Dir - look around, f - activate A cannonade of hail descends around you!
The hail pelts the wight!
The wight partially resists.
The wight is severely damaged.
The hail pelts the wight!
The wight partially resists.
The wight is severely damaged.
The wight resists.
The wall freezes the wight.
You hit the wight but do no damage.
The wight is severely damaged.
The wight hits you with a +0 dire flail!
The wight resists.
The wall freezes the wight.
The wight hits you with a +2 great sword!
* * * LOW HITPOINT WARNING * * *
Unknown command.
It was a potion of curing.
You feel better.
The wight hits you with a +0 dire flail.
* * * LOW HITPOINT WARNING * * *
The wight resists.
The wall freezes the wight.
The wight hits you with a +2 great sword!
You die...

##* #### ***
*####.###..####
*,**
*.............#
*,,*
*#............#
**,* *
*#...........#
*,** *
*#....z)....#
**,* **
###..z@....#
*,* *,
#####....#
*,***, #....#
**,*,, ##...#
*,*** #...#
*<,* #...##
**,** #....#
*,,* ##...##
**,* #....# *,*


You could see 2 wights.

Vanquished Creatures
  A black bear (D:6)
  2 sky beasts
  A centaur (D:5)
  2 phantoms
  2 scorpions (D:5)
  A wight (D:6)
  2 hounds
  A jelly (D:5)
  An iguana (D:6)
  3 orc wizards
  A mummy (D:5)
  Robin (D:2)
  7 adders
  8 gnolls
  A white imp (D:5)
  An ufetubus (D:4)
  A dart slug (D:1)
  11 orcs
  2 ball pythons (D:4)
  3 endoplasms
  A giant cockroach (D:2)
  7 hobgoblins
  6 jackals
  A quokka (D:4)
  A bat (D:2)
  5 frilled lizards
  8 goblins (D:2)
  2 hobgoblin zombies (D:5)
  2 kobolds
  2 orc zombies (D:5)
  5 rats
92 creatures vanquished.

Notes
Turn   | Place    | Note
-------+----------+-------------------------------------------
     0 | D:1      | hawla the Meteoran Ice Elementalist began the quest for the
                  | Orb.
     0 | D:1      | Reached XP level 1. HP: 14/14 MP: 5/5
    52 | D:1      | Reached XP level 2. HP: 14/20 MP: 2/6
   188 | D:2      | Reached XP level 3. HP: 16/26 MP: 2/8
   192 | D:2      | Learned a level 3 spell: Frozen Ramparts
   211 | D:2      | Reached skill level 5 in Ice Magic
   272 | D:2      | Noticed Robin
   282 | D:2      | Killed Robin
   283 | D:2      | Reached XP level 4. HP: 30/33 MP: 1/10
   338 | D:2      | Learned a level 4 spell: Hailstorm
   459 | D:4      | Reached skill level 1 in Conjurations
   459 | D:4      | Reached XP level 5. HP: 31/38 MP: 4/12
   535 | D:4      | Found a burning altar of Makhleb.
   607 | D:4      | Noticed a sky beast
   612 | D:4      | Killed a sky beast
   613 | D:4      | Reached XP level 6. HP: 45/45 MP: 8/13
  1049 | D:5      | Entered Level 5 of the Dungeon
  1063 | D:5      | Reached skill level 5 in Conjurations
  1083 | D:5      | Noticed a centaur
  1090 | D:5      | Killed a centaur
  1091 | D:5      | Reached XP level 7. HP: 19/51 MP: 4/14
  1143 | D:5      | Found a glowing golden altar of the Shining One.
  1152 | D:5      | Reached skill level 5 in Spellcasting
  1209 | D:5      | Found Wiluqo's Armour Shop.
  1252 | D:5      | Reached XP level 8. HP: 58/58 MP: 8/17
  1585 | D:6      | Reached skill level 1 in Fire Magic
  1585 | D:6      | Reached skill level 1 in Evocations
  1754 | D:6      | Reached skill level 1 in Fighting
  1826 | D:6      | Slain by a wight

Illustrated notes

Levels and vault maps discovered:
D:1:      dpeg_arrival_long_road, layout_loops_ring,
          shapermc_ecumenical_altar_mp_urbaneastern, minmay_lizard_king
D:2:      minmay_skewed_foursquare, layout_loops_cross, minmay_heptomino_h4,
          uniq_robin
D:3:      layout_basic, gammafunk_ghost_grave, minmay_puff
D:4:      layout_loops_ring, mainiacjoe_overflow_chevrons
D:5:      layout_rooms, mainiacjoe_overflow_small_starburst, serial_shops, shop,
          dreamdust_wishing_well, minmay_mini_ossuary
D:6:      layout_cave_pods, serial_park_tiny_2

Skill      XL: |  1  2  3  4  5  6  7  8 |
---------------+-------------------------+-----
Spellcasting   | 3 4 5 6 |  6.3
Ice Magic      | 5 6 |  6.8
Conjurations   | 1 4 5 |  5.6
Dodging        | 3 |  3.4
Fire Magic     | 3 |  3.0
Evocations     | 3 |  3.0
Fighting       | 1 |  1.1
Stealth        | |  1.4

Action                   |  1- 3 |  4- 6 |  7- 9 || total
-------------------------+-------+-------+-------++-------
Melee: Unarmed           |    13 |     9 |       ||    22
       Staff             |       |     3 |    32 ||    35
 Cast: Freeze            |    26 |    23 |    10 ||    59
       Frozen Ramparts   |     2 |    11 |    15 ||    28
       Hailstorm         |       |     1 |    15 ||    16
  Use: Potion            |     1 |       |     3 ||     4
       Scroll            |       |     5 |     3 ||     8
Armor: Robe              |     8 |     9 |     8 ||    25
       Skin              |       |       |     5 ||     5
Dodge: Dodged            |     8 |    15 |    23 ||    46
